 Dungeon Crawl Stone Soup version 0.26.1-11-gd32895ea62 (webtiles) character file.

Game seed: 14513590579060820630

198 Zeld the Cudgeller (level 5, 0/34 HPs)
             Began as an Octopode Warper on May 16, 2021.
             Killed from afar by an orc wizard (7 damage)
             ... with a magic dart
             ... on level 4 of the Dungeon.
             The game lasted 00:03:23 (4028 turns).

Zeld the Cudgeller (Octopode Warper)                Turns: 4028, Time: 00:03:24

Health: 0/34       AC:  1    Str: 12    XL:     5   Next: 76%
Magic:  0/9        EV: 13    Int: 15    God:
Gold:   96         SH:  0    Dex: 11    Spells: 2/10 levels left

rFire    . . .     SeeInvis .   a - +0 mace
rCold    . . .     Faith    .   (no shield)
rNeg     . . .     Spirit   .   (helmet restricted)
rPois    .         Reflect  .   (no amulet)
rElec    .         Harm     .   (no ring)
rCorr    .         Rampage  .   (no ring)
Will     .....                  (no ring)
Stlth    ++........             (no ring)
HPRegen  0.11/turn              (no ring)
MPRegen  0.11/turn              (no ring)
                                (no ring)
                                (no ring)

@: very slightly contaminated
A: almost no armour, stealthy swim, amphibious, 8 rings, constrict 8, camouflage
1, gelatinous body 1
a: no special abilities


You were on level 4 of the Dungeon.
You visited 1 branch of the dungeon, and saw 4 of its levels.

You collected 96 gold pieces.

Inventory:

Hand Weapons
 a - a +0 mace (weapon)
Missiles
 b - 8 boomerangs of dispersal (quivered)
Jewellery
 d - a +4 ring of evasion {unknown}
 r - an uncursed ring of ice {unknown}
Wands
 m - a wand of flame (10)
 p - a wand of paralysis (7)
Scrolls
 c - 2 scrolls of blinking
 f - 2 scrolls of enchant weapon {unknown}
 h - a scroll of fog {unknown}
 i - 2 scrolls of immolation {unknown}
 n - a scroll of teleportation {unknown}
 o - 2 scrolls of enchant armour {unknown}
 s - a scroll of remove curse {unknown}
Potions
 e - 2 potions of curing
 g - 2 potions of cancellation {unknown}
 j - 2 potions of ambrosia {unknown}
 k - 2 potions of heal wounds {unknown}
 l - 2 potions of attraction {unknown}
 q - a potion of brilliance {unknown}


   Skills:
 - Level 2.0 Fighting
 * Level 4.3 Maces & Flails
 - Level 1.0 Throwing
 - Level 2.3 Dodging
 + Level 3.1 Spellcasting
 + Level 4.0 Translocations


You had 2 spell levels left.
You knew the following spells:

 Your Spells              Type           Power        Failure   Level
a - Blink                 Tloc           N/A          6%          2
b - Gell's Gravitas       Tloc           7%           12%         3
c - Lesser Beckoning      Tloc           7%           12%         3

Your spell library contained the following spells:

 Spells                   Type           Power        Failure   Level
 Teleport Other           Tloc           14%          12%         3
 Passage of Golubria      Tloc           N/A          36%         4


Dungeon Overview and Level Annotations

Branches:
Dungeon (4/15)
 Temple: D:4-7

Altars:
Cheibriados
Uskayaw

Annotations:
D:3 Sigmund


Innate Abilities, Weirdness & Mutations

You cannot wear most types of armour.
You are very stealthy in the water. (Stealth+)
You are amphibious.
You can wear up to eight rings at the same time.
You can use your tentacles to constrict eight enemies at once.
Your skin changes colour to match your surroundings (Stealth+).
Your rubbery body absorbs attacks. (AC +1, EV +1)


Message History

Aim: an orc, wielding a +0 flail (moderately wounded) Gravity reorients around the orc.
The orc wizard collides with the orc!
The orc collides with the orc! x2
You kill the orc! x2
Unknown command.
You are too injured to fight recklessly!
You are too injured to fight recklessly!
You are too injured to fight recklessly!
You closely miss the orc wizard. Your grab misses the orc wizard.
You squeeze the orc wizard!
The orc wizard is heavily wounded.
The orc wizard barely misses you.
The orc wizard hits you with a +0 dagger.
* * * LOW HITPOINT WARNING * * *
You hit the orc wizard. You grab the orc wizard.
The orc wizard is severely wounded.
You constrict the orc wizard.
The orc wizard gestures at you while chanting.
The magic dart hits you!
You die...

#.##...####.#
#.......# . ##..#
#.##..##.....#
#..####....#
#...>...
##...##...#
#........
####.........#
##..#....
#.##........###
.###...
##............##..
#.######..........
### ##.@..####
##.oo.##
..######.....#
#.......)...#
##.#....).##....
###...## ...#
###..## #.##
####....# .#
#.......## #.


You could see an orc wizard (fast) and an orc.

Vanquished Creatures
  A howler monkey (D:4)
  An orc priest (D:4)
  4 adders
  A howler monkey skeleton (D:3)
  An ooze (D:4)
  2 leopard geckos
  8 orcs
  2 ball pythons
  2 giant cockroaches (D:3)
  5 hobgoblins
  5 jackals (D:1)
  7 bats
  3 frilled lizards
  8 goblins
  A jackal skeleton (D:4)
  8 kobolds
  10 rats
69 creatures vanquished.

Vanquished Creatures (others)
  5 toadstools (D:1)
5 creatures vanquished.

Grand Total: 74 creatures vanquished

Notes
Turn   | Place    | Note
-------+----------+-------------------------------------------
     0 | D:1      | Zeld the Octopode Warper began the quest for the Orb.
     0 | D:1      | Reached XP level 1. HP: 14/14 MP: 3/3
   122 | D:1      | Reached XP level 2. HP: 16/19 MP: 5/5
   130 | D:1      | Learned a level 2 spell: Blink
   429 | D:1      | Reached XP level 3. HP: 20/24 MP: 6/6
   433 | D:1      | Learned a level 3 spell: Gell's Gravitas
  1803 | D:2      | Reached XP level 4. HP: 27/29 MP: 7/7
  1970 | D:3      | Learned a level 3 spell: Lesser Beckoning
  1984 | D:3      | Found a faded altar of an unknown god.
  3022 | D:3      | Noticed Sigmund
  3476 | D:4      | Found a hide-covered altar of Uskayaw.
  3476 | D:4      | Found a snail-covered altar of Cheibriados.
  3585 | D:4      | Reached XP level 5. HP: 14/34 MP: 9/9
  4028 | D:4      | Killed from afar by an orc wizard

Illustrated notes

Levels and vault maps discovered:
D:1:      ldierk_walled_garden, layout_loops_ring
D:2:      layout_loops_ring, serial_glass, glass_columns_a, glass_columns_a,
          glass_columns_b, glass_columns_b, glass_columns_a, glass_columns_a,
          glass_columns_a, glass_columns_a, glass_columns_a, glass_columns_a,
          glass_columns_a, glass_columns_b, glass_columns_a, glass_columns_c,
          fountainhead
D:3:      layout_basic, chequers_ecumenical_altar_simple_redux,
          mrwooster_statue_mirror, hangedman_glass_teeth,
          kennysheep_decorative_pillar, uniq_sigmund
D:4:      layout_layer_cave, nicolae_overflow_crystal_walls,
          grunt_temple_overflow_open, serial_shops, shop,
          minmay_misc_feat_nine_boxes

Skill      XL: |  1  2  3  4  5 |
---------------+----------------+-----
Maces & Flails | 3 4 |  4.3
Spellcasting   | 3 |  3.1
Translocations | 4 |  4.0
Fighting       | |  2.0
Throwing       | |  1.0
Dodging        | |  2.3

Action                   |  1- 3 |  4- 6 || total
-------------------------+-------+-------++-------
Melee: Mace              |    87 |    59 ||   146
       Constrict         |    22 |    15 ||    37
       Tentacles         |     7 |    11 ||    18
 Cast: Gell's Gravitas   |       |     5 ||     5
       Blink             |       |     1 ||     1
  Use: Potion            |     1 |       ||     1
 Stab: Sleeping          |     9 |     2 ||    11
Armor: Skin              |    12 |     2 ||    14
Dodge: Dodged            |    63 |    35 ||    98
